 Dungeon Crawl Stone Soup version 0.30-a0-341-g682706514a (webtiles) character file.

Game seed: 9986697049911269733

1374 Elric the Spear-Bearer (level 8, -2/58 HPs)
             Began as a Merfolk Fighter on Nov 3, 2022.
             Was an Initiate of Hepliaklqana.
             Slain by a killer bee (7 damage)
             ... on level 6 of the Dungeon.
             The game lasted 00:12:16 (5102 turns).

Elric the Spear-Bearer (Merfolk Fighter)            Turns: 5102, Time: 00:12:18

Health: -2/58      AC: 12    Str: 19    XL:     8   Next: 66%
Magic:  8/8        EV:  7    Int:  7    God:    Hepliaklqana [......]
Gold:   284        SH:  6    Dex: 19    Spells: 7/7 levels left

rFire   + . .      SeeInvis .    u - +3 trident (chaos)
rCold   . . .      Faith    .    c - +0 buckler
rNeg    . . .      Spirit   .    q - +1 plate armour
rPois   .          Reflect  .    (no helmet)
rElec   .          Harm     .    (no cloak)
rCorr   .          Rampage  .    (no gloves)
Will    .....                    (no boots)
Stlth   ..........               (no amulet)
HPRegen 0.29/turn                d - +6 ring of dexterity
MPRegen 0.11/turn                z - ring of protection from fire

@: no status effects
A: (nimble swimmer 2), mertail
a: Renounce Religion


You were on level 6 of the Dungeon.
You worshipped Hepliaklqana.
Hepliaklqana was noncommittal.
You visited 2 branches of the dungeon, and saw 8 of its levels.

You collected 284 gold pieces.

Inventory:

Hand Weapons
 a - a +0 trident
 i - a +2 hand axe of electrocution
 u - a +3 trident of chaos (weapon)
Armour
 b - a +0 scale mail
 c - a +0 buckler (worn)
 q - a +1 plate armour (worn)
Jewellery
 d - a +6 ring of dexterity (left hand)
 z - a ring of protection from fire (right hand)
Scrolls
 g - 3 scrolls of amnesia
 h - a scroll of vulnerability
 m - 3 scrolls of teleportation
 p - 3 scrolls of poison
 w - a scroll of blinking
 x - a scroll of summoning
Potions
 e - 11 potions of curing
 f - 4 potions of lignification
 j - a potion of cancellation {unknown}
 k - a potion of heal wounds {unknown}
 l - a potion of ambrosia {unknown}
 n - 3 potions of mutation {unknown}
 r - 3 potions of brilliance {unknown}
 s - a potion of magic {unknown}
 t - a potion of flight {unknown}
 v - a potion of berserk rage {unknown}


   Skills:
 - Level 3.3 Fighting
 * Level 10.8 Polearms
 + Level 3.5 Armour
 + Level 4.5 Dodging
 + Level 4.7 Shields


You had 7 spell levels left.
You didn't know any spells.
Your spell library contained the following spells:

 Spells                   Type           Power      Damage    Failure   Level
 Apportation              Tloc           0%         N/A       100%        1
 Necrotise                Necr           0%         1d4       100%        1
 Summon Small Mammal      Summ           0%         N/A       100%        1
 Ozocubu's Armour         Ice            0%         N/A       100%        3
 Summon Lightning Spire   Summ/Air       0%         N/A       100%        4
 Metabolic Englaciation   Hex/Ice        0%         N/A       100%        5
 Simulacrum               Ice/Necr       0%         N/A       100%        6
 Storm Form               Tmut/Air       0%         N/A       100%        7
 Maxwell's Capacitive Co  Air            0%         ∞         100%        8


Dungeon Overview and Level Annotations

Branches:
Dungeon (7/15)             Temple (1/1) D:6

Altars:
Cheibriados
Fedhas
Hepliaklqana
Kikubaaqudgha
Makhleb
Nemelex Xobeh
Okawaru
Ru
Sif Muna
Trog
Uskayaw
Wu Jian
Xom
Yredelemnul
Zin

Shops:
D:6 !

Annotations:
D:5 2 transporters, voshxx's ghost, novice OpFE
D:6 3 runed translucent doors, bimpf's ghost, novice MiBe


Innate Abilities, Weirdness & Mutations

((You are very nimble when in or above water. (Stealth+, EV+, Speed+++)))
Your lower body shifts to a powerful aquatic tail in water.


Message History

The killer bee stings you.
The killer bee stings you but does no damage.
You miss the killer bee.
You feel sick. You block the killer bee's attack. The killer bee stings you!
You are more poisoned.
The killer bee poisons you! The killer bee stings you.
The killer bee stings you but does no damage.
The killer bee barely misses you. The killer bee stings you.
You are more poisoned.
The killer bee poisons you! You block the killer bee's attack.
The killer bee barely misses you.
Unknown command.
You feel very sick. The killer bee stings you.
You are lethally poisoned!
The killer bee poisons you! The killer bee stings you.
* * * LOW HITPOINT WARNING * * *
You feel better.
The killer bee stings you but does no damage.
You block the killer bee's attack. The killer bee closely misses you.
The killer bee stings you. x2
* * * LOW HITPOINT WARNING * * *
The killer bee barely misses you.
The killer bee stings you but does no damage. x2
The killer bee barely misses you. The killer bee completely misses you.
You block the killer bee's attack.
The killer bee stings you but does no damage.
The killer bee stings you but does no damage.
The killer bee attacks as you move away!
The killer bee completely misses you.
The killer bee stings you but does no damage.
The killer bee stings you.
* * * LOW HITPOINT WARNING * * *
The killer bee attacks as you move away!
The killer bee stings you!
* * * LOW HITPOINT WARNING * * *
You block the killer bee's attack.
The killer bee stings you but does no damage.
The killer bee barely misses you. The killer bee stings you!
You die...

####...............#....(...#...
##.........#.....#.)......#...
##................#..##....#...
#.....................<....#.○.
###..........................#...
#...##.....>.#...............####
#...####.....#..y...........##...
..###.##.......yyy...#..#......#.
..###..........#@....#####.....#.
..##........####.#.##.###........
...#........# ####.#.............
..##........###..................
.####............................
.#.#.............#########...#...
.......<.........#.......#...##..
.................#.......#...###.
.................#.?.....+..## #.


You could see 4 killer bees.

Vanquished Creatures
  Prince Ribbit (D:5)
  Sigmund (D:5)
  An ice beast (D:7)
  A black bear (D:6)
  A phantom (D:5)
  A necrophage (D:6)
  2 scorpions (D:4)
  2 jellies
  5 orc priests
  3 hounds
  An iguana (D:5)
  2 orc wizards (D:4)
  4 gnolls
  6 adders
  A shadow imp (D:6)
  2 worms (D:2)
  11 orcs
  6 endoplasms
  3 giant cockroaches
  6 goblins
  8 hobgoblins
  4 jackals (D:1)
  7 kobolds
  6 quokkas
  6 ball pythons
  3 bats
  8 frilled lizards
  10 rats
112 creatures vanquished.

Vanquished Creatures (others)
  12 plants (D:4)
12 creatures vanquished.

Grand Total: 124 creatures vanquished

Notes
Turn   | Place    | Note
-------+----------+-------------------------------------------
     0 | D:1      | Elric the Merfolk Fighter began the quest for the Orb.
     0 | D:1      | Reached XP level 1. HP: 18/18 MP: 1/1
    56 | D:1      | Reached skill level 3 in Polearms
    65 | D:1      | Reached XP level 2. HP: 21/24 MP: 2/2
   143 | D:1      | Reached skill level 4 in Polearms
   320 | D:1      | Reached XP level 3. HP: 29/29 MP: 3/3
   581 | D:2      | Reached skill level 5 in Polearms
   597 | D:2      | Reached XP level 4. HP: 31/35 MP: 4/4
   984 | D:2      | Reached skill level 6 in Polearms
  1218 | D:3      | Reached XP level 5. HP: 37/41 MP: 5/5
  1483 | D:3      | Reached skill level 7 in Polearms
  1880 | D:3      | Reached skill level 8 in Polearms
  1880 | D:3      | Reached XP level 6. HP: 43/47 MP: 6/6
  2579 | D:4      | Reached skill level 1 in Dodging
  2666 | D:4      | Reached XP level 7. HP: 39/52 MP: 7/7
  2754 | D:4      | Reached skill level 9 in Polearms
  3444 | D:5      | Entered Level 5 of the Dungeon
  3540 | D:5      | Noticed voshxx's ghost (novice OpFE)
  3545 | D:5      | Found a transporter.
  3710 | D:5      | Noticed Sigmund
  3726 | D:5      | Killed Sigmund
  3751 | D:5      | Found a snail-covered altar of Cheibriados.
  3774 | D:5      | Reached XP level 8. HP: 56/58 MP: 8/8
  3813 | D:5      | Noticed Prince Ribbit
  3834 | D:5      | Killed Prince Ribbit
  3835 | D:5      | Reached skill level 10 in Polearms
  3982 | D:5      | Found a transporter.
  4271 | D:6      | Found Georupti's Distillery.
  4325 | D:6      | Found a runed translucent gate.
  4325 | D:6      | Noticed a vampire
  4326 | D:6      | Found a runed translucent gate.
  4327 | D:6      | Found a runed translucent gate.
  4343 | D:6      | Noticed bimpf's ghost (novice MiBe)
  4418 | D:6      | Found a staircase to the Ecumenical Temple.
  4720 | Temple   | Entered the Ecumenical Temple
  4774 | Temple   | Became a worshipper of Hepliaklqana the Forgotten
  5102 | D:6      | Slain by a killer bee

Illustrated notes

Levels and vault maps discovered:
D:1:      minmay_arrival_hallway, layout_rooms, minmay_tetromino_l4
D:2:      layout_rooms, dk_vineyard_2
D:3:      layout_basic
D:4:      layout_loops_ring, corexii_hall_statues_t,
          minmay_misc_feat_nine_boxes, chequers_big_river
D:5:      layout_basic, mainiacjoe_overflow_cross_hatched,
          gammafunk_ghost_arena, chequers_serial_rivers_small_b,
          uniq_prince_ribbit1, uniq_sigmund
D:6:      layout_cave_pools, lemuel_temple_firewalk_a, gammafunk_ghost_split,
          serial_shops, nicolae_shop_advertising_works
          [nicolae_subvault_shop_adworks]
D:7:      layout_cave_pools, grunt_gozag_breadcrumbs, serial_bayou,
          serial_bayou_pond_a, serial_bayou_ford_a, serial_bayou_lagoon_a,
          serial_bayou_pond_a
Temple:   nicolae_temple_bog_church

Skill      XL: |  1  2  3  4  5  6  7  8 |
---------------+-------------------------+-----
Polearms       | 3 4 5 6 8 9 10 | 10.8
Dodging        | 1 3 4 |  4.5
Shields        | 4 |  4.7
Armour         | 3 |  3.5
Fighting       | |  3.3

Action                   |  1- 3 |  4- 6 |  7- 9 || total
-------------------------+-------+-------+-------++-------
Melee: Trident           |    32 |   103 |    98 ||   233
       Hand axe          |    43 |    27 |       ||    70
       Tailslap          |       |       |     2 ||     2
  Use: Scroll            |       |     8 |     8 ||    16
       Potion            |       |       |     3 ||     3
Armor: Scale mail        |    32 |    24 |       ||    56
       Plate armour      |       |     7 |    49 ||    56
Dodge: Dodged            |    41 |    42 |    26 ||   109
Block: Buckler           |    15 |    12 |    19 ||    46

Table legend: (Time is in decaauts)
 A = Elapsed time spent in this place.
 B = Non-inter-level travel time spent in this place.
 C = Inter-level travel time spent in this place.
 D = Time resting spent in this place.
 E = Time spent auto-exploring this place.
 F = Levels seen in this place.
 G = Mean time per level.
                   A        B        C        D        E       F      G
               +--------+--------+--------+--------+--------+-----+--------+
         Total |   5092 |   4880 |    212 |    646 |   3270 |   8 |  636.5 |
       Dungeon |   5020 |   4808 |    212 |    646 |   3270 |   7 |  717.1 |
        Temple |     71 |     71 |      0 |      0 |      0 |   1 |   71.0 |
               +--------+--------+--------+--------+--------+-----+--------+

Top non-repeatable levels by time:
     D:4: 1359 daAuts
     D:3: 958 daAuts
     D:5: 770 daAuts
     D:6: 685 daAuts
     D:2: 601 daAuts
     D:1: 557 daAuts
     D:7: 88 daAuts
  Temple: 71 daAuts
